cohdb
Replays
Latest Replays
All Replays
Popular Replays
Top Player Replays
Match Explorer
How It Works
Community
CoH3 Stats
Reddit
Sign in to upload your games and track your stats! →
Sign in with Steam
Match 42933292
Unlisted
Match 42933292
Overview
Messages
Build Orders
End
Royal Engineer Section
Construct Section Command Post
Infantry Section
Infantry Section
Infantry Section
Construct Platoon Command Post
Infantry Training
Dingo Light Scout Car
Grenade Package
Selects Heavy Armor Battlegroup
Selects Rigorous Vehicle Training
Selects Forward Repair Assembly
CMP 15cwt Truck
Light Vehicle Training
Infantry Section
CMP 15cwt Truck
6-pounder Anti-tank Gun Team
CMP 15cwt Truck
6-pounder Anti-tank Gun Team
Selects Light Vehicle Withdraw and Refit
Selects Radio Net
Selects Designate Targets
Designate Targets
Team Weapon Training
Dingo Light Scout Car
Construct Company Command Post
Unlock M3 Grant Medium Tanks
M3 Grant Medium Tank
Designate Targets
Armored Vehicle Training
Darbesky
Surveillance-Buoy 2
LuckiLuke
뉴이르
0
0
Comments
sign in to comment!
No comments posted yet!